Selects Airborne Battlegroup
Selects Heavy Machine Gun Paradrop
Heavy Machine Gun Paradrop
Heavy Machine Gun Paradrop
Heavy Machine Gun Paradrop
Construct Weapon Support Center
M3 Armored Personnel Carrier
Construct Medical Station
M3 Armored Personnel Carrier
Heavy Machine Gun Paradrop
Selects Paratrooper Squad Paradrop
Selects Anti-tank Gun Team Paradrop
Anti-tank Gun Team Paradrop
M4(105) Sherman Bulldozer
Selects Carpet Bombing Run
Heavy Machine Gun Paradrop
M4(105) Sherman Bulldozer
M18 Hellcat Tank Destroyer
Anti-tank Gun Team Paradrop